 Dungeon Crawl Stone Soup version 0.30.0-20-g3615ddf2f0 (webtiles) character file.

Game seed: 16609656843900327350

1580 qw the Cleaver (level 8, -1/53 HPs)
             Began as a Gargoyle Fighter on June 1, 2023.
             Slain by an iron imp (6 damage)
             ... summoned by a kobold demonologist
             ... on level 6 of the Dungeon.
             The game lasted 00:02:05 (4141 turns).

qw the Cleaver (Gargoyle Fighter)                   Turns: 4141, Time: 00:02:06

Health: -1/53      AC: 17    Str: 22      XL:     8   Next: 91%
Magic:  7/7        EV: 13    Int:  9      God:
Gold:   290        SH:  4    Dex:  6 (9)  Spells: 7/7 levels left

rFire   + + .        Y - +2 war axe
rCold   + . .        c - +0 buckler
rNeg    + . .        v - +0 chain mail
rPois   inf          (helmet restricted)
rElec   +            (no cloak)
rCorr   +            g - +2 pair of gloves
SInv    .            (no boots)
Will    +....        (no amulet) Stlth
                     l - ring of protection from fire
HPRegen 0.28/turn    b - +5 ring of evasion
MPRegen 0.10/turn

%: no passive effects
@: resistant, slowed, very slow
A: sickness immunity, AC +5, negative energy resistance 1, electricity
resistance, torment resistance 1, petrification resistance, horns 1, low MP 1,
strong-willed 1
a: no special abilities


You were on level 6 of the Dungeon.
You visited 2 branches of the dungeon, and saw 7 of its levels.

You collected 290 gold pieces.


Innate Abilities, Weirdness & Mutations

You are immune to sickness and miasma.
Your stone body is resilient. (AC +5)
You are immune to poison.
You resist negative energy. (rN+)
You are resistant to electric shocks. (rElec)
You are resistant to unholy torment.
You are immune to petrification.
You have a pair of small horns on your head.
Your magical capacity is low. (-10% MP)
You are strong-willed. (Will+)


   Skills:
 - Level 7.5 Fighting
 - Level 8.1 Axes
 + Level 3.3 Armour
 - Level 1.6 Dodging
 - Level 3.2 Shields


You had 7 spell levels left.
You didn't know any spells.
Your spell library was empty.

Inventory:

Hand Weapons
 k - a +0 flail
 Y - a +2 war axe (weapon)
Armour
 c - a +0 buckler (worn)
 g - a +2 pair of gloves (worn)
 v - a +0 chain mail (worn)
Jewellery
 b - a +5 ring of evasion (right hand)
 l - a ring of protection from fire (left hand)
 m - a ring of fire
Scrolls
 j - 2 scrolls of identify
Potions
 d - 3 potions of might
 e - a potion of heal wounds {unknown}
 f - 9 potions of curing
 h - 3 potions of mutation
 n - a potion of resistance {unknown}
 p - a potion of lignification {unknown}
 q - a potion of cancellation
 r - a potion of haste
 s - a potion of flight {unknown}
 t - a potion of magic {unknown}
 u - a potion of degeneration {unknown}

Dungeon Overview and Level Annotations

Branches:
Dungeon (6/15)             Temple (1/1) D:5

Altars:
Cheibriados
Dithmenos
Fedhas
Gozag
Hepliaklqana
Makhleb
Nemelex Xobeh
Qazlal
Ru
Sif Muna
Trog
Vehumet
Wu Jian
Xom
Yredelemnul
Zin
The Shining One


Message History

You completely miss the quasit.
The quasit is severely wounded.
You hit the chaos spawn.
You hit the soul eater but do no damage.
You barely miss the kobold demonologist.
The quasit closely misses you. The quasit claws you.
The quasit claws you but does no damage.
The soul eater misses you. The chaos spawn gores you!
You feel yourself slow down.
The kobold demonologist mumbles some strange words.
You closely miss the quasit.
The quasit is severely wounded.
You slash the kobold demonologist! You closely miss the chaos spawn.
You hit the soul eater. You hit the iron imp.
The ufetubus disappears in a puff of smoke!
The quasit bites you.
You feel clumsy.
The quasit claws you but does no damage. x2
The soul eater hits you but does no damage.
You block the chaos spawn's attack.
The quasit bites you but does no damage.
The quasit claws you but does no damage.
The quasit barely misses you.
The kobold demonologist hits you but does no damage.
The iron imp misses you. The soul eater hits you. The chaos spawn gores you!
Space warps around you. The quasit completely misses you.
The quasit claws you but does no damage. x2
You closely miss the quasit.
The quasit is severely wounded.
You barely miss the iron imp.
You closely miss the kobold demonologist.
You closely miss the chaos spawn.
You hit the soul eater but do no damage.
The kobold demonologist completely misses you.
The quasit bites you.
You feel clumsy.
The quasit claws you but does no damage.
The quasit closely misses you. The soul eater hits you.
You block the chaos spawn's attack. The iron imp hits you.
You die... ..#.........# ..#.........# ............# ...........# . #.........# ¤~# .. +......$..# ¤¤¤# ...#...45K.¤.##. ¤¤¤¤ .......3@5...... ¤¤¤¤

........5.......
..#
................
..#
.....##.........
..+ ....
#......... ..#
.... #.........
..# ##.#
#......... ..#
#.# #.........
..#
#.####........


You could see a soul eater (summoned), a kobold demonologist, a chaos spawn
(summoned), an iron imp (summoned), a quasit (summoned) and a shadow imp
(summoned).

Vanquished Creatures
  Pikel (D:4)
  2 black bears
  An ice beast (D:5)
  An ogre (D:6)
  4 lemures (D:4)
  A phantom (D:5)
  2 scorpions (D:4)
  A howler monkey (D:4)
  5 hounds
  An orc priest (D:4)
  3 iguanas
  3 orc wizards
  7 adders
  3 ufetubi
  4 worms
  3 dart slugs
  5 orcs
  6 ball pythons
  A bat (D:2)
  6 endoplasms
  4 giant cockroaches
  13 goblins
  5 hobgoblins
  3 jackals (D:4)
  6 kobolds
  A quokka (D:2)
  6 frilled lizards
  6 rats
104 creatures vanquished.

Vanquished Creatures (others)
  A white imp (D:5)
1 creature vanquished.

Grand Total: 105 creatures vanquished

Notes
Turn   | Place    | Note
-------+----------+-------------------------------------------
     0 | D:1      | qw the Gargoyle Fighter began the quest for the Orb.
     0 | D:1      | Reached XP level 1. HP: 14/14 MP: 1/1
     0 | D:1      | 0 ||| qw: Version: 0.2-a-102-gdf20003
     0 | D:1      | 0 ||| qw: Game counter: 771
     0 | D:1      | 0 ||| qw: Always use a shield: true
     0 | D:1      | 0 ||| qw: God list: Okawaru
     0 | D:1      | 0 ||| qw: Allow faded altars: false
     0 | D:1      | 0 ||| qw: Do Orc after D:15 true
     0 | D:1      | 0 ||| qw: Do second Lair branch before Depths: true
     0 | D:1      | 0 ||| qw: Lair rune preference: random
     0 | D:1      | 0 ||| qw: Plans: Normal, Zot:1-4, Slime:5, God:TSO, Crypt,
                  | Tomb, Pan, Hells, Abyss, Win
     0 | D:1      | 0 ||| PLANNING D:1-11
    44 | D:1      | Reached skill level 2 in Axes
    77 | D:1      | Reached XP level 2. HP: 19/19 MP: 2/2
   198 | D:1      | 198 ||| Stepping ~*~*~tactically~*~*~ (stealth).
   208 | D:1      | 208 ||| Stepping ~*~*~tactically~*~*~ (stealth).
   381 | D:1      | Found a faded altar of an unknown god.
   500 | D:1      | Reached skill level 3 in Axes
   541 | D:1      | 541 ||| UPGRADING to +2 pair of gloves.
   546 | D:1      | 546 ||| READING 2 scrolls labelled WOEDGH ELUCIC.
   547 | D:1      | 547 ||| READING scroll of enchant weapon.
   547 | D:1      | 547 ||| ENCHANTING +1 war axe.
   548 | D:1      | 548 ||| READING scroll labelled OPO FISULUNEOPS.
   549 | D:1      | 549 ||| READING 2 scrolls labelled WECIUK HIAHU.
   550 | D:1      | 550 ||| DRINKING 3 fizzy coppery potions.
   597 | D:2      | Reached XP level 3. HP: 23/23 MP: 3/3
  1519 | D:2      | 1519 ||| UPGRADING to ring of protection from fire.
  1520 | D:2      | 1520 ||| READING scroll labelled SABIGITAEPN.
  1523 | D:2      | 1523 ||| DRINKING 4 puce potions.
  1523 | D:2      | Gained mutation: You have a pair of small horns on your
                  | head. [potion of mutation]
  1523 | D:2      | Gained mutation: Your magical capacity is low. (-10% MP)
                  | [potion of mutation]
  1523 | D:2      | Gained mutation: You are strong-willed. (Will+) [potion of
                  | mutation]
  1550 | D:3      | Reached XP level 4. HP: 22/28 MP: 3/3
  1913 | D:3      | Reached skill level 4 in Axes
  2145 | D:4      | 2145 ||| Stepping ~*~*~tactically~*~*~ (hiding).
  2154 | D:4      | Reached XP level 5. HP: 32/32 MP: 4/4
  2202 | D:4      | Reached skill level 5 in Axes
  2492 | D:4      | Noticed a lemure
  2494 | D:4      | Noticed a lemure
  2502 | D:4      | Killed a lemure
  2505 | D:4      | Killed a lemure
  2516 | D:4      | Noticed Pikel
  2517 | D:4      | 2517 ||| FLEEEEING.
  2525 | D:4      | 2525 ||| STAIRDANCE
  2561 | D:3      | 2561 ||| DROPPING +1 leather armour of fire resistance.
  2562 | D:3      | 2562 ||| UPGRADING to +0 chain mail.
  2572 | D:3      | 2572 ||| DROPPING +0 scale mail.
  2573 | D:3      | 2573 ||| READING scroll labelled ATZAPE ROFOU.
  2580 | D:4      | Noticed a lemure
  2580 | D:4      | Noticed a lemure
  2581 | D:4      | 2581 ||| Stepping ~*~*~tactically~*~*~ (stealth).
  2584 | D:4      | 2584 ||| Stepping ~*~*~tactically~*~*~ (stealth).
  2592 | D:4      | Killed a lemure
  2594 | D:4      | Killed a lemure
  2603 | D:4      | Killed Pikel
  2604 | D:4      | Reached XP level 6. HP: 14/44 MP: 5/5
  2604 | D:4      | Reached XP level 7. HP: 16/48 MP: 6/6
  2720 | D:4      | 2720 ||| DROPPING +0 mace.
  2796 | D:4      | 2796 ||| Stepping ~*~*~tactically~*~*~ (stealth).
  2798 | D:4      | 2798 ||| Stepping ~*~*~tactically~*~*~ (hiding).
  2886 | D:4      | Reached XP level 8. HP: 35/53 MP: 7/7
  2890 | D:4      | Reached skill level 6 in Axes
  2972 | D:4      | Reached skill level 1 in Dodging
  3035 | D:4      | 3035 ||| DROPPING +2 whip of flaming.
  3088 | D:4      | 3088 ||| Stepping ~*~*~tactically~*~*~ (stealth).
  3197 | D:4      | 3197 ||| UPGRADING to +5 ring of evasion.
  3198 | D:4      | 3198 ||| READING scroll labelled NAIPIU IGEMIJI.
  3199 | D:4      | 3199 ||| DRINKING 2 murky yellow potions.
  3200 | D:4      | 3200 ||| DRINKING 2 smoky purple potions.
  3201 | D:4      | 3201 ||| READING 2 scrolls of identify.
  3201 | D:4      | 3201 ||| IDENTIFYING sapphire potion
  3202 | D:4      | 3202 ||| DROPPING potion of brilliance.
  3226 | D:5      | Entered Level 5 of the Dungeon
  3261 | D:5      | 3261 ||| Stepping ~*~*~tactically~*~*~ (stealth).
  3262 | D:5      | 3262 ||| Stepping ~*~*~tactically~*~*~ (stealth).
  3316 | D:5      | Reached skill level 7 in Axes
  3392 | D:5      | Found a staircase to the Ecumenical Temple.
  3393 | D:5      | 3393 ||| PLANNING TEMPLE
  3393 | D:5      | 3393 ||| READING scroll labelled VOTOMA BOCEG.
  3402 | Temple   | Entered the Ecumenical Temple
  3406 | Temple   | 3406 ||| PLANNING D:1-11
  3889 | D:5      | 3889 ||| DRINKING 2 bubbling grey potions.
  3919 | D:5      | 3919 ||| DROPPING potion of berserk rage.
  4051 | D:6      | 4051 ||| Stepping ~*~*~tactically~*~*~ (hiding).
  4067 | D:6      | Reached skill level 8 in Axes
  4129 | D:6      | Noticed a kobold demonologist
  4135 | D:6      | Noticed a soul eater
  4140 | D:6      | HP: 8/53 [chaos spawn[a kobold demonologist] (6)]
  4141 | D:6      | Slain by an iron imp

Levels and vault maps discovered:
D:1:      sevenhm_arrival_forest_fort_small_4, layout_rooms,
          dreamdust_ecumenical_altar_angels_and_demons
D:2:      kennysheep_six_static_rooms, layout_basic
D:3:      layout_loops_cross, nicolae_underground_beach
D:4:      minmay_bubble_buster, layout_loops_ring, uniq_pikel
D:5:      layout_basic, minmay_temple_entry_waves, lemuel_flamethrower_2
D:6:      lemuel_insect_pit, layout_basic, kennysheep_boxes
Temple:   sentei_temple_godly_chess

Skill      XL: |  1  2  3  4  5  6  7  8 |
---------------+-------------------------+-----
Axes           | 2 3 4 5 8 |  8.1
Fighting       | 7 |  7.5
Dodging        | 1 |  1.6
Armour         | |  3.3
Shields        | |  3.2

Action                     |  1- 3 |  4- 6 |  7- 9 || total
---------------------------+-------+-------+-------++-------
  Melee: War axe           |    92 |    72 |   118 ||   282
         Headbutt          |     1 |    11 |    23 ||    35
    Use: Scroll            |     5 |     1 |     3 ||     9
         Potion            |     2 |       |     3 ||     5
 Armour: Scale mail        |    30 |    27 |       ||    57
         Chain mail        |       |    15 |    63 ||    78
  Dodge: Dodged            |    23 |    35 |    63 ||   121
  Block: Buckler           |    14 |    19 |    29 ||    62

Table legend:
 A = Non-vault XP
 B = Vault XP
 C = Vault XP percentage of total XP
 D = Non-vault monster count
 E = Vault monster count
 F = Vault count percentage of total count
                 A         B        C        D         E       F
            +---------+---------+-------+---------+---------+-------
      Total |    1132 |    1126 |  49.9 |      74 |      26 |  26.0
            +---------+---------+-------+---------+---------+-------
        D:1 |      31 |       0 |   0.0 |      19 |       0 |   0.0
        D:2 |      36 |      13 |  26.5 |      11 |       6 |  35.3
        D:3 |      47 |       0 |   0.0 |      12 |       0 |   0.0
        D:4 |     297 |    1113 |  78.9 |      18 |      20 |  52.6
        D:5 |     540 |       0 |   0.0 |       8 |       0 |   0.0
        D:6 |     181 |       0 |   0.0 |       6 |       0 |   0.0
            +---------+---------+-------+---------+---------+-------
